Map: 莱瑞拉克之冠

Players

iGXY (XY) - Winner!

  • Race: Terran Terran
  • League: Master

三族统领随机娜 - Winner!

  • Race: Terran Terran
  • League: Master

iGRushcrazy

  • Race: Protoss Protoss
  • League: Master

iGJim

  • Race: Protoss Protoss
  • League: Master

Event: GPL 2015 - Grand Finals

VOD

Have the link to the VOD?

Description

Time

  • Played on: Jan. 22, 2016, 4:20 a.m.
  • Length: 10:02

All games in this series

Show
View Real Time Build Order
Export as new Build Order

iGXY Terran - Winner!

Build Orders: MMM Bio 

Get SALT Encoding   

  12  0:00  SCV  
  13  0:12  SCV  
  14  0:17  Supply Depot  
  14  0:24  SCV  
  15  0:38  SCV  
  15  0:39  Barracks  
  16  0:44  Refinery  
  16  0:50  SCV  
  17  1:03  SCV  
  18  1:15  SCV  
  19  1:27  Barracks Reactor  
  19  1:28  Orbital Command  
  19  1:39  Command Center  
  19  1:48  Supply Depot  
  19  1:53  SCV  
  20  2:03  Marine x2  
  20  2:05  SCV  
  23  2:10  Factory  
  23  2:17  SCV  
  23  2:20  Marine  
  23  2:21  Marine  
  26  2:26  Refinery  
  26  2:29  SCV  
  27  2:38  Marine  
  27  2:39  Marine  
  27  2:42  SCV  
  30  2:51  Orbital Command  
  30  2:54  Widow Mine, SCV, Starport  
  30  2:58  Marine  
  33  3:02  Marine  
  35  3:06  SCV  
  36  3:16  Marine  
  36  3:17  SCV  
  36  3:18  SCV  
  39  3:20  Marine  
  39  3:22  Supply Depot  
  39  3:23  Widow Mine  
  39  3:32  SCV  
  39  3:34  Marine  
  37  3:38  Marine  
  38  3:43  Medivac  
  38  3:47  SCV  
  40  3:52  Marine  
  40  3:54  SCV  
  42  3:55  Widow Mine, Marine  
  42  4:01  Liberator  
  45  4:03  SCV, Supply Depot  
  46  4:12  SCV  
  46  4:13  Marine x2  
  46  4:15  SCV  
  50  4:24  SCV  
  54  4:27  SCV, Factory Tech Lab  
  52  4:39  SCV  
  52  4:41  Orbital Command  
  52  4:44  Liberator  
  53  4:46  Cyclone  
  53  4:49  Marine x2  
  53  4:50  Barracks  
  53  4:51  Barracks, SCV  
  56  5:03  SCV  
  56  5:07  Marine x2  
  60  5:10  Supply Depot  
  60  5:16  SCV  
  60  5:17  Supply Depot  
  60  5:20  SCV  
  61  5:24  Marine  
  61  5:26  Marine  
  62  5:31  Siege Tank  
  62  5:32  Orbital Command  
  65  5:42  Barracks Tech Lab x2  
  65  5:44  SCV  
  65  5:49  Medivac  
  68  5:55  Barracks, Engineering Bay  
  68  5:57  SCV  
  69  5:59  SCV  
  69  6:03  Stimpack  
  69  6:07  Marine x2  
  69  6:09  SCV  
  72  6:11  SCV  
  73  6:18  Bunker  
  73  6:19  Supply Depot  
  73  6:21  SCV  
  73  6:23  SCV  
  73  6:24  Terran Infantry Weapons Level 1  
  72  6:26  Refinery  
  72  6:33  SCV  
  72  6:36  SCV  
  72  6:39  Siege Tank  
  77  6:40  Marine  
  77  6:41  Marine x3  
  77  6:42  Barracks Tech Lab  
  77  6:43  Supply Depot  
  77  6:45  Refinery  
  81  6:47  Supply Depot  
  81  6:49  Supply Depot  
  82  6:59  Marine  
  82  7:00  Marine  
  80  7:01  Marauder, Supply Depot  
  80  7:02  Marauder x2  
  86  7:16  Marine  
  86  7:17  Siege Tank, Supply Depot  
  86  7:18  Marine  
  91  7:22  Marine  
  91  7:23  Marauder x2, Missile Turret, SCV x2  
  91  7:27  Medivac  
  100  7:34  Marine  
  100  7:35  Marine  
  92  7:41  Barracks  
  92  7:42  Supply Depot  
  92  7:44  Reaper, Marine x2  
  94  7:49  Siege Tank  
  98  7:52  Marine  
  98  7:53  Marine  
  98  7:58  Medivac  
  102  8:02  Marauder  
  102  8:03  Marauder  
  102  8:04  Supply Depot  
  106  8:06  Combat Shields  
  106  8:10  Marine  
  106  8:11  Marine  
  108  8:16  Marine  
  109  8:23  Marine x2  
  111  8:28  Medivac, Marine  
  111  8:33  Marine x2  
  116  8:34  Marauder  
  116  8:36  Supply Depot  
  120  8:41  Marauder  
  120  8:42  Marauder  
  120  8:46  Barracks, Marine  
  122  8:51  Marine x2  
  121  8:56  Marauder  
  124  9:03  Marauder, Marine x2  
  124  9:08  Marine  
  124  9:09  Marine  
  125  9:17  Marauder  
  125  9:21  Marauder, Marine  
  124  9:24  Marauder  
  124  9:26  Marine  
  124  9:27  Marine  
  124  9:29  Medivac  
  112  9:38  Marauder  
  112  9:39  Marine  
Show
View Real Time Build Order
Export as new Build Order

三族统领随机娜 Terran - Winner!

Build Orders:  

Get SALT Encoding   

  12  0:02  Probe (Chrono Boost)  
  13  0:12  Probe (Chrono Boost)  
  14  0:18  Pylon  
  14  0:23  Probe (Chrono Boost)  
  15  0:36  Probe (Chrono Boost), Gateway  
  16  0:46  Probe (Chrono Boost)  
  16  0:48  Assimilator  
  17  0:57  Probe (Chrono Boost)  
  18  1:08  Probe (Chrono Boost)  
  19  1:18  Probe (Chrono Boost)  
  20  1:23  Nexus  
  20  1:33  Cybernetics Core  
  20  1:36  Probe (Chrono Boost)  
  21  1:43  Assimilator  
  21  1:47  Probe (Chrono Boost)  
  22  1:51  Pylon  
  22  1:57  Probe (Chrono Boost)  
  23  2:05  Adept  
  23  2:09  Warp Gate  
  23  2:12  Probe (Chrono Boost)  
  27  2:24  Probe (Chrono Boost)  
  27  2:29  Adept  
  27  2:36  Mothership Core (Chrono Boost), Probe (Chrono Boost)  
  32  2:44  Twilight Council  
  32  2:48  Probe (Chrono Boost)  
  33  2:53  Adept  
  33  2:54  Probe (Chrono Boost)  
  36  3:00  Probe (Chrono Boost)  
  36  3:04  Probe (Chrono Boost)  
  38  3:12  Probe (Chrono Boost), Robotics Facility  
  39  3:15  Probe (Chrono Boost)  
  40  3:25  Probe (Chrono Boost)  
  40  3:26  Pylon  
  41  3:27  Pylon  
  41  3:34  Probe (Chrono Boost)  
  41  3:41  Probe (Chrono Boost)  
  42  3:42  Resonating Glaives  
  42  3:44  Probe (Chrono Boost)  
  43  3:51  Pylon  
  43  3:53  Probe (Chrono Boost)  
  43  3:55  Probe (Chrono Boost)  
  45  3:57  Observer  
  45  4:00  Gateway  
  45  4:01  Gateway  
  46  4:07  Gateway x2  
  46  4:10  Gateway  
  46  4:13  Probe (Chrono Boost), Warp Prism  
  46  4:14  Probe (Chrono Boost)  
  46  4:15  Pylon  
  48  4:23  Probe (Chrono Boost), Pylon  
  51  4:26  Probe (Chrono Boost)  
  51  4:27  Adept  
  54  4:31  Pylon  
  54  4:34  Probe (Chrono Boost)  
  56  4:38  Probe (Chrono Boost)  
  56  4:48  Adept  
  57  4:58  Probe (Chrono Boost)  
  59  5:00  Probe (Chrono Boost)  
  59  5:01  Assimilator  
  59  5:04  Adept  
  59  5:05  Assimilator  
  61  5:08  Nexus  
  61  5:12  Blink  
  62  5:14  Probe (Chrono Boost)  
  62  5:15  Probe (Chrono Boost)  
  59  5:27  Stalker x3  
  61  5:32  Probe (Chrono Boost)  
  58  5:36  Adept  
  58  5:44  Gateway  
  58  5:45  Probe (Chrono Boost), Gateway  
  58  5:46  Probe (Chrono Boost)  
  58  5:47  Pylon, Gateway  
  59  5:56  Probe (Chrono Boost)  
  59  5:57  Adept x2  
  59  6:01  Stalker  
  62  6:08  Stalker  
  64  6:11  Probe (Chrono Boost)  
  64  6:13  Probe (Chrono Boost)  
  63  6:22  Probe (Chrono Boost)  
  63  6:24  Probe (Chrono Boost), Pylon  
  63  6:25  Probe (Chrono Boost)  
  62  6:33  Stalker  
  62  6:34  Stalker  
  65  6:55  Probe (Chrono Boost), Warp Prism  
  65  6:57  Probe (Chrono Boost)  
  65  6:59  Probe (Chrono Boost)  
  66  7:06  Probe (Chrono Boost)  
  68  7:09  Probe x2 (Chrono Boost)  
  68  7:10  Templar Archives, Stalker  
  68  7:11  Sentry x2  
  75  7:16  Probe (Chrono Boost)  
  75  7:20  Probe (Chrono Boost)  
  75  7:21  Probe (Chrono Boost), Stalker x2  
  82  7:25  Stalker  
  84  7:30  Probe (Chrono Boost)  
  84  7:34  Probe (Chrono Boost)  
  84  7:35  Probe (Chrono Boost)  
  84  7:36  Twilight Council  
  87  7:41  Probe (Chrono Boost)  
  87  7:43  Forge  
  87  7:45  Probe (Chrono Boost), Pylon  
  87  7:47  Probe (Chrono Boost)  
  89  7:51  Adept x2  
  89  7:52  Probe (Chrono Boost)  
  89  7:54  Psionic Storm  
  89  7:55  Probe (Chrono Boost), Pylon  
  89  7:58  High Templar x2  
  99  8:00  Pylon  
  99  8:07  Assimilator  
  99  8:09  Adept  
  99  8:10  Probe (Chrono Boost)  
  99  8:11  Assimilator  
  99  8:12  High Templar  
  104  8:13  High Templar  
  104  8:18  High Templar  
  104  8:19  Probe (Chrono Boost)  
  109  8:24  Probe (Chrono Boost)  
  109  8:25  Probe (Chrono Boost)  
  101  8:28  Zealot  
  101  8:30  Probe (Chrono Boost)  
  101  8:33  Adept x3  
  110  8:39  Gateway  
  110  8:41  Gateway  
  110  8:42  Pylon  
  110  8:44  Gateway  
  110  8:46  Adept  
  110  8:47  Observer  
  112  8:52  Adept x2  
  117  8:58  Stalker  
  117  8:59  Stalker  
  117  9:01  Adept  
  113  9:10  Adept  
  113  9:21  Adept  
  113  9:22  Adept x2  
  113  9:23  Adept x3  
  119  9:31  Adept  
  97  9:40  Adept x2  
  97  9:41  Adept  
  97  9:42  Adept x3  
  97  9:43  Pylon  
  97  9:45  High Templar  
  103  9:47  High Templar  
  98  9:55  High Templar  
Show
View Real Time Build Order
Export as new Build Order

iGRushcrazy Protoss 

Build Orders:  

Get SALT Encoding   

Show
View Real Time Build Order
Export as new Build Order

iGJim Protoss 

Build Orders:  

Get SALT Encoding   

Tags
 
Add a new tag
Caveats
  • Supply blocks, unpowered buildings, or Contaminate may cause inaccurate times.
  • Supply counts are checked every 10 seconds.